 Dungeon Crawl Stone Soup version 0.31-a0-977-gc230f8ef24 (webtiles) character file.

Game seed: 16200112573123891643

2797 CowFu the Spear-Bearer (level 9, -5/72 HPs)
             Began as a Minotaur Fighter on Oct 30, 2023.
             Was a Priest of Makhleb.
             Slain by an orc knight
             ... wielding a +0 glaive
              (17 damage)
             ... in a bailey.
             The game lasted 00:08:21 (6162 turns).

CowFu the Spear-Bearer (Minotaur Fighter)           Turns: 6162, Time: 00:08:22

Health: -5/72      AC: 19    Str: 26    XL:     9   Next: 43%
Magic:  18/18      EV:  9    Int:  5    God:    Makhleb [***...]
Gold:   435        SH:  0    Dex:  9    Spells: 8/8 levels left

rFire   . . .        I - +3 halberd
rCold   . . .        (shield currently unavailable)
rNeg    . . .        l - +7 chain mail "Jelaqod" {Regen+}
rPois   .            (helmet restricted)
rElec   .            B - +0 cloak
rCorr   .            F - +0 pair of gloves
SInv    +            (no boots)
Will    .....        w - amulet of regeneration Stlth
                     m - ring "Dimia" {MP+9 SInv}
HPRegen 1.92/turn    (no ring)
MPRegen 0.16/turn

%: no passive effects
@: mighty
A: horns 2, retaliatory headbutt
a: Renounce Religion, Minor Destruction, Lesser Servant of Makhleb


You were in a bailey.
You worshipped Makhleb.
Makhleb was most pleased with you.
You visited 2 branches of the dungeon, and saw 9 of its levels.
You also visited: Bailey.

You collected 435 gold pieces.

Inventory:

Hand Weapons
 a - a +0 trident
 I - a +3 halberd (weapon)
Missiles
 A - 4 throwing nets
Armour
 c - a +0 buckler
 l - the +7 chain mail "Jelaqod" (worn) {Regen+}
   (You found it on level 2 of the Dungeon)

   Regen+:    It increases your rate of health regeneration.
 B - a +0 cloak (worn)
 F - a +0 pair of gloves (worn)
Jewellery
 m - the ring "Dimia" (left hand) {MP+9 SInv}
   (You found it on level 3 of the Dungeon)

   [ring of magical power]

   MP+9:      It affects your magic capacity (+9).
   SInv:      It lets you see invisible.
 s - a ring of see invisible
 w - an amulet of regeneration (around neck)
Scrolls
 b - 2 scrolls of teleportation
 e - 2 scrolls of fog {unknown}
 h - 3 scrolls of identify {unknown}
 i - 2 scrolls of poison {unknown}
 n - 3 scrolls of amnesia {unknown}
 o - a scroll of blinking {unknown}
 q - 2 scrolls of revelation {unknown}
 u - a scroll of summoning {unknown}
 v - a scroll of immolation {unknown}
 y - a scroll of silence {unknown}
 C - a scroll of vulnerability {unknown}
Potions
 f - 5 potions of haste {unknown}
 g - 5 potions of curing
 j - 3 potions of attraction {unknown}
 k - 2 potions of lignification {unknown}
 p - a potion of degeneration {unknown}
 r - 2 potions of heal wounds {unknown}
 t - 3 potions of magic {unknown}
 x - a potion of berserk rage {unknown}
 z - 4 potions of enlightenment {unknown}
 D - a potion of cancellation {unknown}
 E - 5 potions of resistance {unknown}
 G - a potion of invisibility {unknown}
 H - 2 potions of brilliance {unknown}


   Skills:
 + Level 4.7 Fighting
 - Level 14.0 Polearms
 + Level 4.7 Armour
 + Level 2.4 Dodging
 - Level 4.6 Shields
 + Level 2.3 Invocations


You had 8 spell levels left.
You didn't know any spells.
Your spell library contained the following spells:

 Spells                   Type           Power      Damage    Failure   Level
 Wereblood                Tmut           0%         N/A       98%         2
 Irradiate                Conj/Tmut      0%         3d11      100%        5


Dungeon Overview and Level Annotations

Branches:
Dungeon (8/15)             Temple (1/1) D:4          Bailey (1/1)
   Lair: D:8-11

Altars:
Ashenzari
Dithmenos
Elyvilon
Fedhas
Gozag
Hepliaklqana
Kikubaaqudgha
Makhleb
Nemelex Xobeh
Okawaru
Qazlal
Sif Muna
Uskayaw
Vehumet
Wu Jian
Xom
Zin


Innate Abilities, Weirdness & Mutations

You have a pair of horns on your head.
You reflexively headbutt those who attack you in melee.


Message History

The orc knight is severely wounded.
The orc knight hits you from afar with a +0 glaive!
* * * LOW HITPOINT WARNING * * *
Reach: I) +3 halberd
Press: ? - help, Dir - move target, f/p - orc knight
Aim: an orc knight, wielding a +0 glaive and wearing a +0 ring mail (severely wounded, about 44% to evade your +3 halberd)
You reach to attack!
You barely miss the orc knight.
The orc knight is severely wounded.
The orc knight closely misses you.
Reach: I) +3 halberd
Press: ? - help, Dir - move target, f/p - orc knight
Aim: an orc knight, wielding a +0 glaive and wearing a +0 ring mail (severely wounded, about 44% to evade your +3 halberd)
You reach to attack!
You hit the orc knight.
The orc knight is severely wounded.
The orc knight hits you from afar with a +0 glaive!
* * * LOW HITPOINT WARNING * * *
It was a potion of curing.
You feel better.
The orc knight hits you from afar with a +0 glaive!
* * * LOW HITPOINT WARNING * * *
Okay, then.
You feel very mighty all of a sudden. The orc knight closely misses you.
Reach: I) +3 halberd
Press: ? - help, Dir - move target, f/p - orc knight
Aim: an orc knight, wielding a +0 glaive and wearing a +0 ring mail (severely wounded, about 44% to evade your +3 halberd)
You reach to attack!
You barely miss the orc knight.
The orc knight is severely wounded.
The orc knight barely misses you.
Reach: I) +3 halberd
Press: ? - help, Dir - move target, f/p - orc knight
Aim: an orc knight, wielding a +0 glaive and wearing a +0 ring mail (severely wounded, about 44% to evade your +3 halberd)
You reach to attack!
You slash the orc knight!
The orc knight is almost dead.
Reach: I) +3 halberd
Press: ? - help, Dir - move target, f/p - orc knight
Aim: an orc knight, wielding a +0 glaive and wearing a +0 ring mail (almost dead, about 44% to evade your +3 halberd)
You reach to attack!
You barely miss the orc knight.
The orc knight is almost dead.
The orc knight hits you from afar with a +0 glaive!
You die...

##'''##
##.....##
#.......#
#.......#
#..#.#).#
#..#8#..#
#....)o.#
##..)..##
###@###
#.).#
#...#
#...#
#...#
###'###
##.....##
#.......#
#.......#


You could see an orc knight.

Vanquished Creatures
  A steam dragon (D:8)
  2 water moccasins
  An ice beast (D:7)
  2 black bears
  6 orc warriors (Bailey)
  A phantom (D:4)
  2 kobold brigands
  5 bullfrogs
  Blork the orc (D:4)
  A scorpion (D:7)
  A killer bee (D:8)
  2 howler monkeys
  2 hounds (D:6)
  3 gnoll boudas
  2 iguanas
  An orc priest (D:7)
  A sleepcap (D:4)
  4 orc wizards
  22 gnolls
  6 adders
  3 white imps
  A worm (D:2)
  3 dart slugs
  48 orcs
  8 endoplasms
  4 giant cockroaches
  12 goblins
  8 hobgoblins
  9 jackals
  3 quokkas
  11 ball pythons
  9 bats
  4 frilled lizards
  20 kobolds
  12 rats
221 creatures vanquished.

Notes
Turn   | Place    | Note
-------+----------+-------------------------------------------
     0 | D:1      | CowFu the Minotaur Fighter began the quest for the Orb.
     0 | D:1      | Reached XP level 1. HP: 19/19 MP: 0/0
   113 | D:1      | Reached skill level 3 in Polearms
   186 | D:1      | Reached XP level 2. HP: 26/26 MP: 1/1
   216 | D:1      | Found a faded altar of an unknown god.
   396 | D:1      | Reached skill level 4 in Polearms
   501 | D:1      | Reached XP level 3. HP: 31/31 MP: 2/2
   831 | D:2      | Found a blossoming altar of Fedhas.
   862 | D:2      | You fall into a shaft and drop 2 floors!
   893 | D:3      | Reached skill level 5 in Polearms
  1073 | D:3      | Reached XP level 4. HP: 39/39 MP: 3/3
  1233 | D:3      | Reached skill level 6 in Polearms
  1659 | D:2      | Reached XP level 5. HP: 43/45 MP: 4/4
  1971 | D:2      | Identified the +7 chain mail "Jelaqod" {Regen+}
  2034 | D:2      | Reached skill level 7 in Polearms
  2211 | D:3      | Found an ancient bone altar of Kikubaaqudgha.
  2322 | D:3      | Identified the ring "Dimia" {MP+9 SInv}
  2477 | D:3      | Found a stormy altar of Qazlal.
  2477 | D:3      | Found an opulent altar of Gozag.
  2809 | D:4      | Found a staircase to the Ecumenical Temple.
  2845 | Temple   | Found a transporter.
  2845 | Temple   | Found a transporter.
  2845 | Temple   | Found a transporter.
  2845 | Temple   | Found a transporter.
  2845 | Temple   | Entered the Ecumenical Temple
  3000 | D:4      | Noticed a phantom
  3007 | D:4      | Killed a phantom
  3008 | D:4      | Reached skill level 8 in Polearms
  3008 | D:4      | Reached XP level 6. HP: 51/51 MP: 5/5
  3127 | Temple   | Became a worshipper of Makhleb the Destroyer
  3199 | D:4      | Noticed Blork the orc
  3208 | D:4      | Killed Blork the orc
  3441 | D:5      | Entered Level 5 of the Dungeon
  3646 | D:5      | Found a hazy altar of Hepliaklqana.
  3654 | D:5      | Reached skill level 9 in Polearms
  3748 | D:5      | Reached XP level 7. HP: 53/54 MP: 6/6
  4144 | D:6      | Reached skill level 10 in Polearms
  4148 | D:6      | Reached * piety under Makhleb
  4210 | D:6      | Reached skill level 11 in Polearms
  4217 | D:6      | Reached XP level 8. HP: 42/64 MP: 7/7
  4513 | D:6      | Reached skill level 12 in Polearms
  5097 | D:7      | Reached skill level 13 in Polearms
  5257 | D:7      | Reached ** piety under Makhleb
  5821 | D:8      | Reached skill level 14 in Polearms
  5821 | D:8      | Reached XP level 9. HP: 21/71 MP: 8/8
  5872 | D:8      | Reached skill level 1 in Dodging
  5872 | D:8      | Reached skill level 1 in Invocations
  5878 | D:8      | Found a flagged portal.
  5887 | Bailey   | Entered a bailey
  5985 | Bailey   | Reached *** piety under Makhleb
  6051 | Bailey   | Noticed an orc knight
  6162 | Bailey   | Slain by an orc knight

Illustrated notes

Levels and vault maps discovered:
D:1:      onia_arrival_pyramid, layout_basic, shapermc_ecumenical_altar_ellora,
          st_stairs_8
D:2:      minmay_diamond_boxcup, layout_basic, basic_altar
D:3:      minmay_chambers_of_threes, layout_loops_ring, marbit_many_paths,
          gammafunk_temple_overflow_wave, minmay_fountain_box
D:4:      layout_loops_cross, minmay_temple_entry_sparse_star,
          uniq_blork_the_orc
D:5:      layout_loops_cross, kennysheep_mini_moat, minivault_24
D:6:      layout_rooms, nicolae_lava_and_water, kennysheep_generic_room_13
D:7:      layout_layer_cave
D:8:      layout_basic, mainiacjoe_overflow_surrounded_room, lemuel_round_altar,
          enter_bailey_3
Temple:   hellmonk_temple_divided_pantheon
Bailey:   bailey_polearm_5, bailey

Skill      XL: |  1  2  3  4  5  6  7  8  9 |
---------------+----------------------------+-----
Polearms       | 3 4 5 6 8 9 11 14 | 14.0
Dodging        | 2 |  2.4
Shields        | 4 |  4.6
Invocations    | 2 |  2.3
Fighting       | 4 |  4.7
Armour         | 4 |  4.7

Action                     |  1- 3 |  4- 6 |  7- 9 || total
---------------------------+-------+-------+-------++-------
  Melee: Trident           |   124 |   223 |   407 ||   754
         Headbutt          |    15 |    30 |    36 ||    81
         Halberd           |       |       |    34 ||    34
    Use: Scroll            |       |       |     2 ||     2
         Potion            |       |       |     2 ||     2
 Armour: Scale mail        |    48 |    48 |       ||    96
         Chain mail        |       |    61 |   302 ||   363
  Dodge: Dodged            |    33 |    70 |   156 ||   259
  Block: Buckler           |    13 |    33 |    69 ||   115

Table legend: (Time is in decaauts)
 A = Elapsed time spent in this place.
 B = Non-inter-level travel time spent in this place.
 C = Inter-level travel time spent in this place.
 D = Time resting spent in this place.
 E = Time spent auto-exploring this place.
 F = Levels seen in this place.
 G = Mean time per level.
                   A        B        C        D        E       F      G
               +--------+--------+--------+--------+--------+-----+--------+
         Total |   6044 |   5739 |    305 |      0 |   4393 |  10 |  604.4 |
       Dungeon |   5764 |   5477 |    287 |      0 |   4383 |   8 |  720.5 |
        Temple |     47 |     29 |     18 |      0 |      0 |   1 |   47.0 |
        Bailey |    233 |    233 |      0 |      0 |     10 |   1 |  233.0 |
               +--------+--------+--------+--------+--------+-----+--------+

Top non-repeatable levels by time:
     D:3: 1191 daAuts
     D:7: 1043 daAuts
     D:1: 816 daAuts
     D:4: 743 daAuts
     D:2: 657 daAuts
     D:5: 645 daAuts
     D:6: 589 daAuts
  Bailey: 233 daAuts
     D:8: 77 daAuts
  Temple: 47 daAuts
